 Dungeon Crawl Stone Soup version 0.25-a0-558-g78a2afb0af (webtiles) character file.

Game seed: 4786446319467189670, levelgen mode: classic

296 EnegeticOcto the Skirmisher (level 6, -1/52 HPs)
             Began as a Mummy Chaos Knight on Feb 24, 2020.
             Was a Plaything of Xom.
             Slain by a jelly (3 damage)
             ... on level 4 of the Dungeon.
             The game lasted 00:03:30 (3402 turns).

EnegeticOcto the Skirmisher (Mummy Chaos Knight)    Turns: 3402, Time: 00:03:31

Health: -1/52      AC: -2    Str: 15    XL:     6   Next: 12%
Magic:  6/6        EV:  6    Int: 13    God:    Xom [......]
Gold:   57         SH:  0    Dex: 12    Spells: 5/5 levels left

rFire    x . .     SeeInvis .   a - +0 spear (chaos)
rCold    + . .     Gourm    .   (no shield)
rNeg     + + +     Faith    .   d - +0 chain mail
rPois    ∞         Spirit   .   (no helmet)
rElec    .         Reflect  .   (no cloak)
rCorr    .         Harm     .   f - +0 pair of gloves
MR       .....                  (no boots)
Stlth    ..........             (no amulet)
HPRegen  0.17/turn              (no ring)
MPRegen  0.10/turn              (no ring)

@: corroded
A: no food or potions, fire vulnerability, cold resistance 1, negative energy
resistance 3, torment resistance, unbreathing
a: Renounce Religion


You were on level 4 of the Dungeon.
You worshipped Xom.
You were a very special plaything of Xom.
You were not hungry.

You visited 1 branch of the dungeon, and saw 4 of its levels.

You collected 57 gold pieces.

Inventory:

Hand Weapons
 a - a +0 spear of chaos (weapon)
Missiles
 c - 11 poisoned darts (quivered)
 i - 24 arrows
 k - a throwing net {!f}
Armour
 b - a +2 leather armour
 d - a +0 chain mail (worn)
 f - a +0 pair of gloves (worn)
Jewellery
 h - an uncursed ring of ice
Scrolls
 e - a scroll of fear {!r}
 j - 2 scrolls of remove curse {@r2}


   Skills:
 + Level 6.2 Fighting
 * Level 3.1 Polearms
 + Level 2.0 Armour
 - Level 0.7 Dodging


You had 5 spell levels left.
You didn't know any spells.
Your spell library was empty.

Dungeon Overview and Level Annotations

Branches:
Dungeon (4/15)
 Temple: D:4-7

Altars:
Sif Muna


Innate Abilities, Weirdness & Mutations

You do not eat or drink.
Your flesh is vulnerable to fire.
You are immune to poison.
Your flesh is cold resistant. (rC+)
You are immune to negative energy. (rN+++)
You are immune to unholy pain and torment.
You can survive without breathing.


Message History

A jackal is nearby!
A jackal is nearby!
A jackal comes into view.
The jackal barks!
There is an open door here.
The jackal closely misses you.
Your chain mail prevents you from hitting the jackal.
The jackal bites you but does no damage.
The jackal closely misses you.
The jackal bites you but does no damage.
You barely miss the jackal.
The jackal bites you but does no damage. x2
You closely miss the jackal.
The jackal bites you but does no damage.
The jackal barely misses you.
You hit the jackal but do no damage. The jackal completely misses you.
The jackal closely misses you. The jackal bites you.
The jackal bites you but does no damage.
You hit the jackal. Lightning courses through the jackal!
You kill the jackal!
The jackal bites you.
A jackal is nearby!
A jackal is nearby!
You closely miss the jackal. The jackal closely misses you.
You hit the jackal. You freeze the jackal.
You kill the jackal!
No target in view!
No target in view!
No target in view!
No target in view!
You see here a jackal corpse.
You open the door.
There is an open door here.
You open the door.
There is an open door here.
You open the door.
There is an open door here.
There is an open door here.
There is an open door here.
There is an open door here. "This place needs a little more atmosphere."
You are now a very special plaything of Xom.
There is an open door here.
You open the door.
There is an open door here.
Done exploring.
Done exploring.
Search for what [? for help]? .
(D) Dungeon
Where to? (Enter - D:3, ? - help)
There is an open door here.
You open the door.
There is an open door here.
There is a stone staircase leading down here.
You climb downwards.
A jelly comes into view.
The jelly quivers.
Found a scroll labeled QEISIG IPUAT.
There is a stone staircase leading up here.
Attack whom?
Press: ? - help, Dir - move target cursor, f - jelly
Aim: a jelly You reach to attack!
You hit the jelly. Strange energies run through your body.
The jelly is lightly wounded.
You hit the jelly.
The jelly seems to grow stronger.
Xom is highly amused!
Your hands burn!
The jelly is lightly wounded.
You hit the jelly. The acid corrodes you!
Your hands burn!
The jelly is heavily wounded.
The jelly jiggles.
The jelly hits you but does no damage.
You hit the jelly.
You feel better. The acid corrodes you!
Your hands burn!
The jelly is heavily wounded.
The jelly hits you.
You are splashed with acid!
You hit the jelly but do no damage. The acid corrodes you!
Your hands burn!
The jelly is heavily wounded.
The jelly hits you.
You are splashed with acid!
You are too injured to fight recklessly!
You are too injured to fight recklessly!
You are too injured to fight recklessly!
You are too injured to fight recklessly!
You are too injured to fight recklessly!
You are too injured to fight recklessly!
The jelly is engulfed in seething chaos.
There is a stone staircase leading up here.
The jelly is engulfed in seething chaos. x2
The jelly hits you.
You are splashed with acid!
* * * LOW HITPOINT WARNING * * *
The jelly is engulfed in seething chaos.
Your trail of clouds dissipates.
The jelly is engulfed in seething chaos. x2
The jelly hits you.
* * * LOW HITPOINT WARNING * * *
You are splashed with acid!
* * * LOW HITPOINT WARNING * * *
The jelly is engulfed in seething chaos.
The jelly jiggles.
The jelly hits you.
You die...

#########
.....?..###
#....§.#
#.##.#§#
#.#§# #.#§#
#.#.# #.#J#
#.#@# #.#.#
#.#.# #.#.#
..# ... ...
.$..


You could see a jelly.

Vanquished Creatures
  A howler monkey (D:2)
  An orc wizard (D:3)
  2 orc priests
  A gnoll (D:2)
  7 adders
  A river rat (D:3)
  An ooze (D:3)
  2 worms (D:3)
  3 dart slugs
  5 leopard geckos
  4 orcs
  10 bats
  3 giant cockroaches
  8 hobgoblins
  4 jackals
  6 kobolds
  A quokka (D:2)
  2 ball pythons
  A frilled lizard (D:3)
  2 goblins
  A leopard gecko skeleton (D:2)
  7 rats
73 creatures vanquished.

Vanquished Creatures (collateral kills)
  2 orcs (D:3)
2 creatures vanquished.

Vanquished Creatures (others)
  An adder (D:2)
1 creature vanquished.

Grand Total: 76 creatures vanquished

Notes
Turn   | Place    | Note
-------+----------+-------------------------------------------
     0 | D:1      | EnegeticOcto the Mummy Chaos Knight began the quest for the
                  | Orb.
     0 | D:1      | Reached XP level 1. HP: 18/18 MP: 1/1
    14 | D:1      | XOM: potion effect (might)
   191 | D:1      | XOM: potion effect (invisibility)
   362 | D:1      | Reached XP level 2. HP: 24/24 MP: 2/2
   488 | D:1      | XOM is BORED!
   488 | D:1      | XOM: harmless Necr miscast
   561 | D:1      | XOM: divination: detect items
   570 | D:1      | Reached skill level 4 in Fighting
  1017 | D:1      | XOM: god gift: pair of gloves {god gift}
  1193 | D:2      | Reached XP level 3. HP: 29/30 MP: 3/3
  1558 | D:2      | Reached skill level 5 in Fighting
  1558 | D:2      | Reached XP level 4. HP: 31/39 MP: 4/4
  1612 | D:2      | XOM: divination: detect items
  1746 | D:2      | XOM: summons 1 hostile shadow creature
  1926 | D:2      | XOM: chaos upgrade
  2062 | D:2      | Found a shimmering blue altar of Sif Muna.
  2109 | D:2      | Reached XP level 5. HP: 41/46 MP: 5/5
  2151 | D:2      | Reached skill level 6 in Fighting
  2177 | D:3      | XOM: potion effect (stabbing)
  2378 | D:3      | XOM: harmless Chrm miscast
  2395 | D:3      | XOM: swap monsters
  2428 | D:3      | XOM: 3-stop teleportation journey
  2520 | D:3      | XOM: harmless Erth miscast
  2760 | D:3      | XOM: butterfly on damage
  2762 | D:3      | Reached XP level 6. HP: 32/52 MP: 6/6
  2770 | D:3      | XOM: enchant monster (good)
  2847 | D:3      | XOM: cloud trail
  3025 | D:3      | XOM: cloud trail
  3310 | D:3      | XOM: cloud trail
  3400 | D:4      | HP: 2/52 [acid (7)]
  3402 | D:4      | Slain by a jelly

Levels and vault maps discovered:
D:1:      moated_graveyard_arrival, layout_basic, serial_glass, glass_columns_a,
          glass_columns_b, glass_columns_a, glass_columns_c, glass_columns_a,
          glass_columns_b, glass_columns_b, glass_columns_c, glass_columns_c,
          glass_columns_b, glass_columns_b, glass_columns_a, glass_columns_a,
          glass_columns_b
D:2:      layout_rooms, first_ration, lemuel_blue_sif_altar
D:3:      layout_loops_corners
D:4:      layout_loops_ring

Skill      XL: |  1  2  3  4  5 |
---------------+----------------+-----
Fighting       | 4 5 6 |  6.2
Polearms       | 3 |  3.1
Armour         | 2 |  2.0
Dodging        | |  0.7

Action                   |  1- 3 |  4- 6 || total
-------------------------+-------+-------++-------
Melee: Spear             |   116 |   216 ||   332
  Use: Scroll            |     1 |     2 ||     3
 Stab: Invisible         |     1 |       ||     1
       Confused          |       |     1 ||     1
Armor: Leather armour    |    14 |       ||    14
       Chain mail        |    34 |   102 ||   136
Dodge: Dodged            |    30 |    43 ||    73

Table legend:
 A = Non-vault XP
 B = Vault XP
 C = Vault XP percentage of total XP
 D = Non-vault monster count
 E = Vault monster count
 F = Vault count percentage of total count
                 A         B        C        D         E       F
            +---------+---------+-------+---------+---------+-------
      Total |     424 |       0 |   0.0 |      76 |       0 |   0.0
            +---------+---------+-------+---------+---------+-------
        D:1 |      36 |       0 |   0.0 |      17 |       0 |   0.0
        D:2 |     205 |       0 |   0.0 |      33 |       0 |   0.0
        D:3 |     183 |       0 |   0.0 |      26 |       0 |   0.0
            +---------+---------+-------+---------+---------+-------
